 Dungeon Crawl Stone Soup version 0.29.1-12-g30fa7ad0bf (webtiles) character file.

Game seed: 11516345096348990296

6047 shoemetal68 the Cleaver (level 10, -5/90 HPs)
             Began as a Minotaur Berserker on Dec 14, 2022.
             Was an Elder of Trog.
             Slain by an orc warrior
             ... wielding a +1 vampiric halberd
              (12 damage)
             ... on level 10 of the Dungeon on Dec 16, 2022.
             The game lasted 01:17:59 (6783 turns).

shoemetal68 the Cleaver (Minotaur Berserker)        Turns: 6783, Time: 01:18:00

Health: -5/90      AC: 16    Str: 25    XL:     10   Next: 57%
Magic:  9/9        EV: 23    Int:  4    God:    Trog [****..]
Gold:   386        SH:  4    Dex: 11    Spells: 9/9 levels left

rFire   . . .      SeeInvis .   u - +5 hand axe
rCold   . . .      Faith    .   g - +0 buckler
rNeg    . . .      Spirit   .   e - +1 plate armour
rPois   .          Reflect  .   (helmet restricted)
rElec   .          Harm     .   (no cloak)
rCorr   +          Rampage  .   (no gloves)
Will    +....                   l - +0 pair of boots
Stlth   ..........              d - amulet of the acrobat
HPRegen 0.25/turn               k - ring of resist corrosion
MPRegen 0.11/turn               p - ring of willpower

@: acrobatic
A: horns 2, retaliatory headbutt
a: Renounce Religion, Berserk, Trog's Hand, Brothers in Arms


You were on level 10 of the Dungeon.
You worshipped Trog.
Trog was greatly pleased with you.
You visited 1 branch of the dungeon, and saw 10 of its levels.

You collected 386 gold pieces.

Inventory:

Hand Weapons
 f - a +0 sling
 n - a +2 vorpal hand axe
 u - a +5 hand axe (weapon)
Missiles
 c - 53 stones
 o - 3 boomerangs (quivered)
Armour
 e - a +1 plate armour (worn)
 g - a +0 buckler (worn)
 l - a +0 pair of boots (worn)
Jewellery
 d - an amulet of the acrobat (around neck)
 k - a ring of resist corrosion (left hand)
 p - a ring of willpower (right hand)
Wands
 j - a wand of flame (11)
Scrolls
 b - a scroll of vulnerability
 h - a scroll of teleportation
 i - 2 scrolls of blinking
 q - a scroll of poison
 r - a scroll of noise
Potions
 a - 2 potions of lignification {unknown}
 m - a potion of attraction
 t - a potion of curing


   Skills:
 + Level 8.4 Fighting
 + Level 11.3 Axes
 + Level 3.0 Ranged Weapons
 + Level 8.0 Throwing
 + Level 8.2 Armour
 + Level 3.3 Dodging
 + Level 1.0 Stealth
 + Level 3.7 Shields


You had 9 spell levels left.
You didn't know any spells.
Your spell library contained the following spells:

 Spells                   Type           Power      Damage    Failure   Level
 Beastly Appendage        Tmut           0%         N/A       100%        1
 Static Discharge         Conj/Air       0%         3-3/arc   100%        2
 Wereblood                Tmut           0%         N/A       100%        2
 Confusing Touch          Hex            0%         N/A       100%        3
 Spider Form              Tmut/Pois      0%         N/A       100%        3
 Animate Dead             Necr           0%         N/A       100%        4
 Dispel Undead            Necr           0%         3d6       100%        4
 Sticky Flame             Conj/Fire      0%         2d3       100%        4
 Summon Ice Beast         Ice/Summ       0%         N/A       100%        4
 Freezing Cloud           Conj/Ice/Air   0%         6-21      100%        5
 Summon Mana Viper        Hex/Summ       0%         N/A       100%        5
 Yara's Violent Unravell  Hex/Tmut       0%         3d3       100%        5
 Simulacrum               Ice/Necr       0%         N/A       100%        6
 Enfeeble                 Hex            0%         N/A       100%        7
 Haunt                    Necr/Summ      0%         N/A       100%        7
 Monstrous Menagerie      Summ           0%         N/A       100%        7
 Infestation              Necr           0%         N/A       100%        8
 Polar Vortex             Ice            0%         N/A       100%        9


Dungeon Overview and Level Annotations

Branches:
Dungeon (10/15)              Lair (0/5) D:9
 Temple: D:4-7          Orc: D:9-12

Altars:
Ashenzari
Cheibriados
Dithmenos
Elyvilon
Fedhas
Hepliaklqana
Kikubaaqudgha
Makhleb
Ru
Sif Muna
Vehumet
Xom

Shops:
D:1 [


Innate Abilities, Weirdness & Mutations

You have a pair of horns on your head.
You reflexively headbutt those who attack you in melee.


Message History

An orc comes into view.
It is wielding a +0 club and wearing a +1 leather armour of cold resistance.
You barely miss the yak.
The yak is heavily wounded.
You completely miss the yak.
The orc shouts!
You hit the yak.
You hit the orc priest but do no damage.
You slash the yak! You headbutt the yak.
The yak is almost dead.
You hit the yak. You slash the yak! You slash the orc priest!
You kill the orc priest!
Trog accepts your kill.
The orc warrior hits you from afar with a +1 vampiric halberd!!
* * * LOW HITPOINT WARNING * * *
The yak barely misses you. x2; The yak gores you.
* * * LOW HITPOINT WARNING * * *
You closely miss the yak. Your headbutt misses the yak.
The yak is almost dead.
You hit the yak. You closely miss the yak. You hit the yak.
You block the orc warrior's attack. The yak gores you.
* * * LOW HITPOINT WARNING * * *
The yak gores you.
* * * LOW HITPOINT WARNING * * *
The yak gores you but does no damage. x2
You barely miss the yak.
The yak is almost dead.
You hit the yak but do no damage. You closely miss the yak. You hit the yak.
You slash the yak!
You kill the yak!
Trog accepts your kill.
You hit the yak. You barely miss the yak. You hit the yak.
The orc warrior hits you from afar with a +1 vampiric halberd!
* * * LOW HITPOINT WARNING * * *
The yak gores you but does no damage. The yak gores you.
* * * LOW HITPOINT WARNING * * *
Your Throwing skill increases to level 8!
Found 15 gold pieces.
The yak barely misses you. The yak completely misses you.
You furiously retaliate!
You headbutt the yak! The yak closely misses you.
The orc warrior hits you with a +1 vampiric halberd!
You die...

.#.###. ....... ##.....##
.......:
#...#.#################
..#.#.#..................
#.....YY##†..)........)..
....#.Y.Y..<.............
.. #.oo@################
#o....# .......###
.#.#.#.. #...#.# .......
#..$..## ... ..


You could see 4 yaks, an orc warrior and 2 orcs.

Vanquished Creatures
  A gargoyle (D:10)
  An unseen horror (D:10)
  A troll (D:9)
  A basilisk (D:9)
  16 yaks
  A steam dragon (D:9)
  3 water moccasins
  An orc warrior (D:9)
  A sky beast (D:8)
  2 ice beasts
  3 wolves (D:9)
  A centaur (D:9)
  An ogre (D:5)
  A necrophage (D:6)
  4 scorpions
  3 bullfrogs
  5 killer bees (D:8)
  4 electric eels (D:9)
  A jelly (D:5)
  4 orc priests
  8 hounds
  An iguana (D:5)
  8 orc wizards
  7 gnolls
  3 adders
  2 shadow imps
  A white imp (D:8)
  2 ufetubi (D:4)
  A worm (D:3)
  3 dart slugs
  17 orcs
  4 endoplasms
  4 giant cockroaches
  2 goblins
  6 hobgoblins
  3 jackals (D:1)
  3 kobolds
  A quokka (D:1)
  9 ball pythons
  3 bats
  5 rats
148 creatures vanquished.

Notes
Turn   | Place    | Note
-------+----------+-------------------------------------------
     0 | D:1      | shoemetal68 the Minotaur Berserker began the quest for the
                  | Orb.
     0 | D:1      | Reached XP level 1. HP: 19/19 MP: 0/0
   312 | D:1      | Found Gadicu's Antique Armour Boutique.
   484 | D:1      | Reached skill level 4 in Axes
   484 | D:1      | Reached XP level 2. HP: 27/27 MP: 1/1
  1068 | D:1      | Reached XP level 3. HP: 33/33 MP: 2/2
  1480 | D:3      | Found a faded altar of an unknown god.
  1557 | D:3      | Found a radiant altar of Vehumet.
  1561 | D:3      | Found a burning altar of Makhleb.
  1798 | D:3      | Found a shimmering altar of Xom.
  1877 | D:3      | Reached skill level 5 in Axes
  1877 | D:3      | Reached XP level 4. HP: 41/41 MP: 3/3
  1952 | D:4      | Noticed an ice beast
  1961 | D:4      | Reached ** piety under Trog
  1962 | D:4      | Killed an ice beast
  1963 | D:4      | Reached skill level 5 in Fighting
  1963 | D:4      | Reached XP level 5. HP: 18/48 MP: 4/4
  1984 | D:4      | Reached skill level 6 in Axes
  2894 | D:4      | Reached XP level 6. HP: 56/56 MP: 5/5
  2923 | D:4      | Reached skill level 1 in Ranged Weapons
  3202 | D:4      | Found a broken altar of Ashenzari.
  3202 | D:4      | Found a white marble altar of Elyvilon.
  3220 | D:5      | Entered Level 5 of the Dungeon
  3270 | D:5      | Reached skill level 1 in Shields
  3412 | D:5      | Reached skill level 1 in Throwing
  3542 | D:5      | Reached XP level 7. HP: 36/61 MP: 6/6
  3682 | D:5      | Reached skill level 7 in Axes
  3794 | D:5      | Reached skill level 5 in Armour
  3815 | D:5      | Found a shadowy altar of Dithmenos.
  4133 | D:6      | Noticed a yak
  4133 | D:6      | Noticed a yak
  4134 | D:6      | Noticed a yak
  4134 | D:6      | Noticed a yak
  4134 | D:6      | Noticed a yak
  4145 | D:6      | Killed a yak
  4146 | D:6      | Reached XP level 8. HP: 70/70 MP: 7/7
  4149 | D:6      | Reached skill level 8 in Axes
  4222 | D:6      | Found a sacrificial altar of Ru.
  4474 | D:7      | Found a shimmering blue altar of Sif Muna.
  4520 | D:7      | Reached skill level 9 in Axes
  4535 | D:7      | Noticed a hornet
  4574 | D:8      | Reached XP level 9. HP: 55/78 MP: 8/8
  4576 | D:8      | Reached *** piety under Trog
  4577 | D:8      | Reached skill level 5 in Throwing
  4676 | D:8      | Found a blossoming altar of Fedhas.
  4758 | D:8      | Reached skill level 10 in Axes
  4760 | D:8      | Found a snail-covered altar of Cheibriados.
  5113 | D:9      | Reached XP level 10. HP: 87/88 MP: 9/9
  5223 | D:9      | Reached skill level 11 in Axes
  5630 | D:9      | Found a staircase to the Lair.
  6041 | D:9      | Reached **** piety under Trog
  6221 | D:9      | Found a hazy altar of Hepliaklqana.
  6242 | D:9      | Found an ancient bone altar of Kikubaaqudgha.
  6380 | D:10     | Entered Level 10 of the Dungeon
  6410 | D:10     | Noticed a gargoyle
  6427 | D:10     | Killed a gargoyle
  6741 | D:10     | Reached skill level 1 in Stealth
  6783 | D:10     | Slain by an orc warrior

Illustrated notes

Levels and vault maps discovered:
D:1:      eino_arrival_water_cross, layout_basic, serial_shops,
          nicolae_shop_behind_doors, serial_park_tiny_2,
          minmay_misc_feat_columns, st_stairs_14, minmay_worlds_worst_comb
D:2:      layout_basic, dreamdust_princess_bridge
D:3:      layout_basic, mainiacjoe_overflow_24_doors, amcnicky_altar_gilded,
          mainiacjoe_overflow_alcove_2, hellmonk_ecumenical_altar_arch_garden,
          chequers_serial_rivers_large_b, moated_statue
D:4:      layout_basic, gammafunk_temple_overflow_wave
D:5:      layout_basic, grunt_dithmenos_shadows, st_stairs_6
D:6:      cheibrodos_quashed, layout_cave_pools, nicolae_ru_path_of_blood,
          kennysheep_mini_moat, minmay_temple_entry_antechambers,
          enter_ossuary_4, dk_vineyard_2, minmay_misc_feat_iff
D:7:      layout_rooms, nicolae_sif_muna_little_library, grunt_qazlal_sundering,
          uniq_maggie
D:8:      layout_rooms, mainiacjoe_overflow_small_starburst,
          cheibriados_altar_1, marbit_many_paths
D:9:      layout_roguey, general_overflow_altar, mainiacjoe_overflow_boulevard,
          erik_lair_island
D:10:     nicolae_cairo_tiling_large_dashed, layout_cross,
          nicolae_trove_entry_isolated, serial_shops, shop, uniq_psyche

Skill      XL: |  1  2  3  4  5  6  7  8  9 10 |
---------------+-------------------------------+-----
Axes           | 4 5 6 7 9 10 11 | 11.3
Fighting       | 4 5 6 8 |  8.4
Armour         | 3 4 5 6 7 8 |  8.2
Ranged Weapons | 1 2 3 |  3.0
Shields        | 1 2 3 |  3.7
Throwing       | 1 3 4 6 8 |  8.0
Dodging        | 3 |  3.3
Stealth        | 1 |  1.0

Action                   |  1- 3 |  4- 6 |  7- 9 | 10-12 || total
-------------------------+-------+-------+-------+-------++-------
Melee: Hand axe          |    74 |    71 |   137 |    73 ||   355
       Headbutt          |     8 |     4 |    30 |    18 ||    60
 Fire: Sling             |     2 |     4 |       |       ||     6
Throw: Stone             |     1 |     3 |    29 |     7 ||    40
       Boomerang         |       |    15 |     2 |    31 ||    48
       Javelin           |       |       |    30 |    10 ||    40
Invok: Berserk           |     1 |       |     2 |       ||     3
  Use: Scroll            |     5 |     3 |     4 |     7 ||    19
       Potion            |       |     2 |       |     1 ||     3
Armor: Plate armour      |    46 |    37 |    53 |    63 ||   199
       Chain mail        |     3 |       |       |       ||     3
Dodge: Dodged            |    27 |    20 |    37 |    45 ||   129
Block: Buckler           |     7 |    12 |    24 |    16 ||    59
